 Dungeon Crawl Stone Soup version 0.19.5 (webtiles) character file.

483 Plasmo the Sneak (level 7, -6/51 HPs)
             Began as a Human Wanderer on May 13, 2017.
             Mangled by Grinder (7 damage)
             ... while paralysed by Grinder
             ... on level 5 of the Dungeon.
             The game lasted 00:25:50 (4584 turns).

Plasmo the Sneak (Human Wanderer)                   Turns: 4584, Time: 00:25:52

Health: -6/51      AC:  4    Str: 12    XL:     7   Next: 34%
Magic:  6/11       EV:  2    Int: 12    God:
Gold:   232        SH:  0    Dex: 15    Spells: 5 memorised, 0 levels left

rFire  . . .     SeeInvis .     k - +0 falchion
rCold  . . .     Gourm    .     g - +0 leather armour
rNeg   . . .     Faith    .     (no shield)
rPois  .         Spirit   .     r - +0 helmet
rElec  .         Reflect  .     (no cloak)
rCorr  .         Harm     .     (no gloves)
MR     .....                    (no boots)
Stlth  ++........               (no amulet)
                                (no ring)
                                (no ring)

@: paralysed
A: no striking features
a: no special abilities


You were on level 5 of the Dungeon.
You were hungry.

You visited 1 branch of the dungeon, and saw 5 of its levels.

You collected 232 gold pieces.

Inventory:

Hand Weapons
 c - a +0 quarterstaff
 e - a +0 dagger
 k - a +0 falchion (weapon)
Armour
 g - a +0 leather armour (worn)
 r - a +0 helmet (worn)
Jewellery
 j - an uncursed ring of ice
Wands
 t - a wand of random effects (31/48)
Scrolls
 h - 3 scrolls of remove curse
 l - 2 scrolls of blinking
 s - a scroll of teleportation
Potions
 m - a potion of cancellation
 q - a potion of lignification {unknown}
Books
 a - a book of Minor Magic

   Spells                             Type                      Level
   a - Magic Dart                     Conjuration                  1
   b - Blink                          Translocation                2
   c - Call Imp                       Summoning                    2
   d - Repel Missiles                 Charms/Air                   2
   e - Slow                           Hexes                        2
   f - Conjure Flame                  Conjuration/Fire             3
   g - Mephitic Cloud                 Conjuration/Poison/Air       3
Comestibles
 f - 3 bread rations
 p - 2 meat rations


   Skills:
 * Level 2.8 Fighting
 * Level 1.3 Long Blades
 - Level 1.4 Staves
 + Level 1.7 Throwing
 * Level 2.1 Armour
 * Level 2.2 Dodging
 + Level 2.9 Stealth
 * Level 2.9 Spellcasting
 * Level 1.9 Conjurations
 + Level 1.3 Summonings
 - Level 2.0 Translocations
 * Level 2.0 Fire Magic
 * Level 1.2 Air Magic
 + Level 1.0 Evocations


You couldn't memorise any spells.
You knew the following spells:

 Your Spells              Type           Power        Failure   Level  Hunger
a - Magic Dart            Conj           #...         17%         1    #......
b - Call Imp              Summ           #.......     28%         2    ###....
c - Conjure Flame         Conj/Fire      #.......     45%         3    ###....
d - Mephitic Cloud        Conj/Pois/Air  #.......     71%         3    ###....
e - Blink                 Tloc           N/A          24%         2    ###....


Dungeon Overview and Level Annotations

Branches:
Dungeon (5/15)
 Temple: D:4-7

Altars:
Ashenzari
Xom
Zin

Shops:
D:2 *

Annotations:
D:5 Grinder


Message History

The bat hits your iron imp but does no damage.
The vampire bat closely misses your iron imp.
The jackal closely misses your iron imp.
Your iron imp closely misses the jackal.
Your shadow imp closely misses the jackal.
The bat hits you but does no damage. The vampire bat bites your iron imp.
The jackal bites your iron imp but does no damage.
Grinder hits you!
* * * LOW HITPOINT WARNING * * *
Your iron imp hits the jackal!
The jackal dies!
Your iron imp closely misses Grinder.
The vampire bat bites you.
* * * LOW HITPOINT WARNING * * *
The vampire bat draws strength from your injuries!
The vampire bat bites your iron imp but does no damage. x2
The bat hits your iron imp but does no damage.
The vampire bat bites your iron imp but does no damage.
Grinder hits you!
You die...

##### #...#
#...#####.
+.........
#.........
#.@..#
#55b.#
##.55bb.#
#.......#
##......#
#....##.#
.###...##.#
........#.#
..
........#.#
.♣


You could see Grinder, 2 vampire bats, a bat, 2 friendly iron imps and a
friendly shadow imp.

Vanquished Creatures
  The ghost of SuqMadiq the Shooter, an amateur HuHu (D:3)
  A centaur (D:5)
  A scorpion (D:4)
  A gnoll shaman (D:4)
  A centaur skeleton (D:4)
  A worker ant (D:4)
  Natasha (D:4)
  A gnoll (D:1)
  4 adders
  An ooze (D:2)
  2 dart slugs (D:1)
  A worm (D:3)
  5 leopard geckos
  3 orcs
  3 ball pythons
  A giant cockroach (D:3)
  7 goblins
  8 hobgoblins
  A jackal (D:5)
  7 kobolds
  8 bats
  5 frilled lizards
  10 rats
74 creatures vanquished.

Vanquished Creatures (collateral kills)
  Edmund (D:4)
  A jackal (D:5)
2 creatures vanquished.

Grand Total: 76 creatures vanquished

Notes
Turn   | Place    | Note
-------+----------+-------------------------------------------
     0 | D:1      | Plasmo the Human Wanderer began the quest for the Orb.
     0 | D:1      | Plasmo set off with: a book of Minor Magic, a potion of curing, a +0 quarterstaff, a +0 robe, a +0 dagger, a bread ration
     0 | D:1      | Reached XP level 1. HP: 16/16 MP: 3/3
     2 | D:1      | Learned a level 1 spell: Magic Dart
   289 | D:1      | Reached XP level 2. HP: 17/22 MP: 1/5
   522 | D:1      | Learned a level 2 spell: Call Imp
   574 | D:1      | Reached skill level 1 in Armour
   574 | D:1      | Reached skill level 1 in Dodging
   574 | D:1      | Reached XP level 3. HP: 7/27 MP: 4/6
  1056 | D:1      | Learned a level 3 spell: Conjure Flame
  1193 | D:2      | Reached XP level 4. HP: 30/33 MP: 1/7
  1329 | D:2      | Found Zin's Purification Station.
  1332 | D:2      | Found a glowing silver altar of Zin.
  1403 | D:2      | Reached skill level 1 in Throwing
  2306 | D:3      | Noticed SuqMadiq's ghost (amateur HuHu)
  2323 | D:3      | Killed SuqMadiq's ghost
  2323 | D:3      | Reached skill level 1 in Fire Magic
  2323 | D:3      | Reached XP level 5. HP: 39/39 MP: 2/8
  2580 | D:3      | Found a faded altar of an unknown god.
  2847 | D:4      | Found a shattered altar of Ashenzari.
  3025 | D:4      | Reached XP level 6. HP: 40/46 MP: 5/9
  3049 | D:4      | Learned a level 3 spell: Mephitic Cloud
  3132 | D:4      | Noticed Natasha
  3151 | D:4      | Killed Natasha
  3151 | D:4      | Reached skill level 1 in Summonings
  3548 | D:4      | Found a shimmering altar of Xom.
  3647 | D:4      | Noticed Edmund
  3966 | D:4      | Reached skill level 1 in Long Blades
  4040 | D:4      | Killed Edmund
  4040 | D:4      | Reached skill level 1 in Air Magic
  4040 | D:4      | Reached XP level 7. HP: 51/51 MP: 5/11
  4182 | D:4      | Learned a level 2 spell: Blink
  4196 | D:5      | Entered Level 5 of the Dungeon
  4272 | D:5      | Reached skill level 1 in Evocations
  4566 | D:5      | Noticed Grinder
  4581 | D:5      | Paralysed by Grinder for 4 turns
  4583 | D:5      | HP: 2/51 [Grinder (10)]
  4584 | D:5      | Mangled by Grinder

Skill      XL: |  1  2  3  4  5  6  7 |
---------------+----------------------+-----
Armour         | 1 2 |  2.1
Dodging        | 1 2 |  2.2
Throwing       | 1 |  1.7
Fire Magic     | 1 2 |  2.0
Summonings     | 1 |  1.3
Long Blades    | 1 |  1.3
Air Magic      | 1 |  1.2
Evocations     | 1 |  1.0
Fighting       | |  2.8
Staves         | |  1.4
Stealth        | |  2.9
Spellcasting   | |  2.9
Conjurations   | |  1.9
Translocations | |  2.0

Action                   |  1- 3 |  4- 6 |  7- 9 || total
-------------------------+-------+-------+-------++-------
Melee: Quarterstaff      |    62 |    25 |       ||    87
       Falchion          |       |   100 |    33 ||   133
 Cast: Magic Dart        |    24 |    42 |     6 ||    72
       Call Imp          |       |     4 |     3 ||     7
       Mephitic Cloud    |       |       |     1 ||     1
  Use: Scroll            |     4 |     7 |     2 ||    13
       Potion            |       |     7 |     3 ||    10
 Stab: Sleeping          |       |     2 |       ||     2
       Distracted        |       |     1 |       ||     1
  Eat: Chunk             |     2 |     5 |     1 ||     8
       Pizza             |       |     1 |       ||     1
       Meat ration       |       |     1 |       ||     1
Armor: Robe              |    11 |       |       ||    11
       Leather armour    |       |    35 |    27 ||    62
Dodge: Dodged            |    38 |    83 |    36 ||   157
       Rpst.: Falchion   |       |    24 |    10 ||    34
